[ AOE2 MATCH · #505996025 ]
UnrankedWei vs Goths
Player's team · LOSS
Rival team · WIN
[ REPLAY ANALYSIS · EXTRACTED FROM THE RECORDED GAME ]
Feudal
8:51
Castle
—
Imperial
—
| APM avg | 86.4 |
| APM peak | 138 |
| eAPM avg | 52.6 |
| Villagers / military | 54 / 17 |
Focus
⚔️ 66.5% · 🌾 33.5%
Skirmisher ×11 · Spearman ×6
Feudal
9:00
Castle
18:36
Imperial
—
| APM avg | 63.8 |
| APM peak | 120 |
| eAPM avg | 33.3 |
| Villagers / military | 48 / 23 |
Focus
⚔️ 51.8% · 🌾 48.2%
Knight ×11 · Archer ×8 · Militia ×3 · Mangonel ×1 · Unknown (1105) ×1
Match map
Initial resources + every placement click. Lines = walls · curves = elevation contours. ◆ gold · ⬟ stone · ● berries · ✦ relic · ◌ wall gap
Your base· ✓ Closed at 12:00 · 58t walls · 1 gate(s)
Kalpit00's base· Open — unwalled flank
Smoothed initial terrain · ◌ = detected wall gap · hover for details
Inputs per minute
— ImperPok - - Kalpit00
Build order — ImperPok
First 150 of 159 actions detected
| 0:00 | Create | Villager (Male) |
| 0:01 | Create | Villager (Male) |
| 0:01 | Build | House |
| 0:02 | Build | House |
| 0:04 | Create | Villager (Male) |
| 0:08 | Create | Villager (Male) |
| 1:26 | Create | Villager (Male) |
| 1:50 | Build | Lumber Camp |
| 2:02 | Create | Villager (Male) |
| 2:11 | Create | Villager (Male) |
| 2:11 | Create | Villager (Male) |
| 2:42 | Create | Villager (Male) |
| 2:42 | Create | Villager (Male) |
| 2:59 | Create | Villager (Male) |
| 3:23 | Create | Villager (Male) |
| 3:23 | Create | Villager (Male) |
| 3:40 | Build | House |
| 3:43 | Create | Villager (Male) |
| 4:36 | Create | Villager (Male) |
| 4:37 | Create | Villager (Male) |
| 4:37 | Create | Villager (Male) |
| 4:45 | Create | Villager (Male) |
| 4:46 | Create | Villager (Male) |
| 4:51 | Create | Villager (Male) |
| 4:51 | Create | Villager (Male) |
| 5:42 | Build | Mill |
| 6:16 | Research | Loom |
| 6:34 | Build | Lumber Camp |
| 6:38 | Research | Feudal Age |
| 6:39 | Research | Feudal Age |
| 7:17 | Build | House |
| 7:18 | Build | Palisade Wall |
| 7:20 | Build | Palisade Wall |
| 7:33 | Build | Palisade Wall |
| 7:35 | Create | Villager (Male) |
| 7:37 | Build | Palisade Wall |
| 7:39 | Build | Palisade Wall |
| 7:40 | Create | Villager (Male) |
| 7:44 | Build | Palisade Wall |
| 7:46 | Build | Palisade Wall |
| 7:52 | Build | Palisade Wall |
| 8:09 | Build | Palisade Wall |
| 8:14 | Create | Villager (Male) |
| 8:18 | Build | Palisade Gate |
| 8:20 | Build | Palisade Wall |
| 8:33 | Create | Villager (Male) |
| 8:42 | Create | Villager (Male) |
| 8:51 | Age | Feudal Age |
| 8:59 | Build | Palisade Wall |
| 9:03 | Build | Palisade Wall |
| 9:07 | Build | Palisade Wall |
| 9:10 | Build | Palisade Wall |
| 9:12 | Build | Palisade Wall |
| 9:13 | Build | Palisade Wall |
| 9:16 | Build | Palisade Wall |
| 9:18 | Create | Villager (Male) |
| 9:25 | Build | Mill |
| 9:44 | Research | Double-Bit Axe |
| 9:44 | Research | Double-Bit Axe |
| 9:51 | Build | Farm |
| 10:02 | Build | Farm |
| 10:14 | Build | House |
| 10:21 | Build | House |
| 10:30 | Create | Villager (Male) |
| 10:33 | Build | Farm |
| 10:40 | Build | House |
| 10:46 | Build | Palisade Wall |
| 10:51 | Build | Farm |
| 10:56 | Create | Villager (Male) |
| 10:56 | Create | Villager (Male) |
| 11:04 | Build | Farm |
| 11:11 | Build | Farm |
| 11:28 | Create | Villager (Male) |
| 11:56 | Create | Villager (Male) |
| 11:56 | Create | Villager (Male) |
| 11:56 | Create | Villager (Male) |
| 12:14 | Build | Barracks |
| 12:26 | Create | Villager (Male) |
| 12:29 | Build | Farm |
| 12:32 | Build | Farm |
| 12:33 | Research | Horse Collar |
| 12:34 | Research | Horse Collar |
| 12:44 | Build | House |
| 12:47 | Build | House |
| 12:49 | Build | House |
| 12:59 | Create | Villager (Male) |
| 13:01 | Create | Villager (Male) |
| 13:05 | Build | Farm |
| 13:06 | Build | Farm |
| 13:33 | Create | Villager (Male) |
| 13:37 | Create | Villager (Male) |
| 13:40 | Build | Archery Range |
| 13:43 | Build | Palisade Wall |
| 13:47 | Create | Villager (Male) |
| 13:53 | Build | Farm |
| 13:56 | Build | Farm |
| 14:09 | Build | Palisade Wall |
| 14:17 | Create | Skirmisher |
| 14:17 | Create | Skirmisher |
| 14:18 | Create | Villager (Male) |
| 14:40 | Build | Blacksmith |
| 14:41 | Create | Skirmisher |
| 14:51 | Create | Villager (Male) |
| 14:54 | Create | Skirmisher |
| 15:01 | Create | Skirmisher |
| 15:02 | Create | Skirmisher |
| 15:04 | Create | Skirmisher |
| 15:06 | Create | Skirmisher |
| 15:22 | Create | Skirmisher |
| 15:24 | Create | Skirmisher |
| 15:29 | Create | Villager (Male) |
| 15:35 | Create | Skirmisher |
| 15:44 | Create | Villager (Male) |
| 15:51 | Research | Padded Archer Armor |
| 16:07 | Research | Fletching |
| 16:09 | Build | House |
| 16:10 | Build | House |
| 16:16 | Build | House |
| 16:26 | Build | Farm |
| 16:28 | Build | Farm |
| 16:46 | Create | Villager (Male) |
| 16:47 | Create | Villager (Male) |
| 16:50 | Build | House |
| 16:51 | Build | House |
| 17:02 | Build | Farm |
| 17:05 | Build | Farm |
| 17:10 | Build | Farm |
| 17:13 | Create | Villager (Male) |
| 17:17 | Build | Mining Camp |
| 17:23 | Research | Padded Archer Armor |
| 17:23 | Research | Padded Archer Armor |
| 17:28 | Build | House |
| 17:38 | Build | House |
| 18:01 | Research | Gold Mining |
| 18:10 | Create | Villager (Male) |
| 18:45 | Create | Villager (Male) |
| 18:45 | Create | Villager (Male) |
| 19:31 | Create | Villager (Male) |
| 19:40 | Build | House |
| 19:56 | Build | House |
| 19:58 | Build | House |
| 19:59 | Build | Palisade Wall |
| 20:02 | Build | House |
| 20:13 | Create | Spearman |
| 20:13 | Create | Spearman |
| 20:14 | Create | Spearman |
| 20:14 | Create | Spearman |
| 20:24 | Build | House |
| 20:26 | Build | House |
| 20:27 | Build | House |
Build order — Kalpit00
133 actions detected in the replay
| 0:00 | Create | Villager (Male) |
| 0:00 | Create | Villager (Male) |
| 0:01 | Create | Villager (Male) |
| 0:01 | Build | House |
| 0:02 | Build | House |
| 0:04 | Create | Villager (Male) |
| 0:04 | Create | Villager (Male) |
| 1:29 | Create | Villager (Male) |
| 1:30 | Create | Villager (Male) |
| 1:52 | Build | Lumber Camp |
| 1:57 | Create | Villager (Male) |
| 1:57 | Create | Villager (Male) |
| 2:21 | Create | Villager (Male) |
| 2:21 | Create | Villager (Male) |
| 2:35 | Create | Villager (Male) |
| 2:35 | Create | Villager (Male) |
| 3:06 | Create | Villager (Male) |
| 3:06 | Create | Villager (Male) |
| 3:21 | Build | House |
| 3:39 | Create | Villager (Male) |
| 3:40 | Create | Villager (Male) |
| 3:59 | Create | Villager (Male) |
| 4:22 | Create | Villager (Male) |
| 4:48 | Create | Villager (Male) |
| 5:04 | Build | Barracks |
| 5:22 | Create | Villager (Male) |
| 5:33 | Build | House |
| 5:45 | Create | Villager (Male) |
| 6:10 | Create | Villager (Male) |
| 6:40 | Research | Loom |
| 6:50 | Research | Feudal Age |
| 6:50 | Research | Feudal Age |
| 6:55 | Build | Mining Camp |
| 7:15 | Create | Militia |
| 7:15 | Create | Militia |
| 7:31 | Build | House |
| 7:33 | Create | Militia |
| 8:17 | Create | Villager (Male) |
| 8:30 | Build | Mill |
| 8:38 | Create | Villager (Male) |
| 8:51 | Create | Villager (Male) |
| 9:00 | Age | Feudal Age |
| 9:06 | Research | Man-at-Arms (upgrade) |
| 9:06 | Research | Man-at-Arms (upgrade) |
| 9:21 | Create | Villager (Male) |
| 9:25 | Build | Farm |
| 9:38 | Create | Villager (Male) |
| 9:48 | Build | Archery Range |
| 10:08 | Create | Villager (Male) |
| 10:19 | Build | Farm |
| 10:21 | Build | House |
| 10:25 | Create | Villager (Male) |
| 10:34 | Create | Villager (Male) |
| 10:36 | Build | Farm |
| 10:49 | Create | Archer |
| 10:49 | Create | Archer |
| 10:49 | Create | Archer |
| 11:01 | Create | Villager (Male) |
| 11:11 | Build | Farm |
| 11:27 | Create | Archer |
| 11:28 | Create | Villager (Male) |
| 11:29 | Build | Farm |
| 11:43 | Build | House |
| 11:52 | Research | Double-Bit Axe |
| 11:52 | Research | Double-Bit Axe |
| 11:53 | Create | Villager (Male) |
| 11:56 | Create | Archer |
| 12:14 | Build | Farm |
| 12:16 | Create | Villager (Male) |
| 12:32 | Create | Archer |
| 12:33 | Create | Villager (Male) |
| 12:46 | Build | Farm |
| 13:05 | Create | Villager (Male) |
| 13:17 | Build | Farm |
| 13:18 | Build | Farm |
| 13:21 | Build | House |
| 13:23 | Build | House |
| 13:31 | Create | Villager (Male) |
| 13:33 | Create | Archer |
| 13:37 | Create | Villager (Male) |
| 13:42 | Build | Farm |
| 14:02 | Build | Farm |
| 14:07 | Create | Archer |
| 14:09 | Create | Villager (Male) |
| 14:24 | Create | Villager (Male) |
| 14:31 | Build | House |
| 15:05 | Build | Blacksmith |
| 15:56 | Research | Castle Age |
| 16:26 | Research | Fletching |
| 16:26 | Research | Fletching |
| 16:26 | Research | Fletching |
| 16:45 | Research | Horse Collar |
| 16:45 | Research | Gold Mining |
| 16:49 | Build | Stable |
| 16:58 | Build | Stable |
| 17:19 | Research | Scale Barding Armor |
| 17:19 | Research | Scale Barding Armor |
| 17:19 | Research | Scale Barding Armor |
| 17:25 | Build | Lumber Camp |
| 17:46 | Research | Bloodlines |
| 17:46 | Research | Bloodlines |
| 18:08 | Build | Farm |
| 18:11 | Build | Palisade Wall |
| 18:11 | Build | Palisade Wall |
| 18:27 | Create | Villager (Male) |
| 18:30 | Research | Gold Mining |
| 18:36 | Age | Castle Age |
| 18:39 | Create | Knight |
| 18:39 | Create | Knight |
| 18:42 | Create | Villager (Male) |
| 18:53 | Build | Siege Workshop |
| 19:01 | Create | Villager (Male) |
| 19:05 | Create | Knight |
| 19:05 | Create | Knight |
| 19:07 | Build | Siege Workshop |
| 19:19 | Create | Knight |
| 19:19 | Create | Knight |
| 19:23 | Build | Lumber Camp |
| 19:34 | Create | Knight |
| 19:34 | Create | Knight |
| 19:54 | Create | Unit 1105 |
| 20:00 | Build | Outpost |
| 20:15 | Create | Villager (Male) |
| 20:22 | Create | Knight |
| 20:22 | Create | Knight |
| 20:28 | Build | Outpost |
| 20:36 | Create | Knight |
| 20:39 | Create | Villager (Male) |
| 20:50 | Build | Farm |
| 20:53 | Build | Farm |
| 20:54 | Create | Villager (Male) |
| 20:58 | Create | Mangonel |
| 21:02 | Create | Villager (Male) |
Match timeline
| 5:04 | Kalpit00 · first_building Barracks |
| 7:18 | ImperPok · wall_segment Palisade Wall x7 |
| 7:20 | ImperPok · wall_segment Palisade Wall x7 |
| 7:33 | ImperPok · wall_segment Palisade Wall x7 |
| 7:37 | ImperPok · wall_segment Palisade Wall x1 |
| 7:39 | ImperPok · wall_segment Palisade Wall x10 |
| 7:44 | ImperPok · wall_segment Palisade Wall x5 |
| 7:46 | ImperPok · wall_segment Palisade Wall x4 |
| 7:52 | ImperPok · wall_segment Palisade Wall x4 |
| 8:09 | ImperPok · wall_segment Palisade Wall x1 |
| 8:20 | ImperPok · wall_segment Palisade Wall x8 |
| 8:51 | ImperPok · age_up feudal |
| 8:59 | ImperPok · wall_segment Palisade Wall x1 |
| 9:00 | Kalpit00 · age_up feudal |
| 9:03 | ImperPok · wall_segment Palisade Wall x1 |
| 9:07 | ImperPok · wall_segment Palisade Wall x2 |
| 9:10 | ImperPok · wall_segment Palisade Wall x1 |
| 9:12 | ImperPok · wall_segment Palisade Wall x1 |
| 9:13 | ImperPok · wall_segment Palisade Wall x1 |
| 9:16 | ImperPok · wall_segment Palisade Wall x1 |
| 9:48 | Kalpit00 · first_building Archery Range |
| 10:46 | ImperPok · wall_segment Palisade Wall x1 |
| 12:14 | ImperPok · first_building Barracks |
| 13:40 | ImperPok · first_building Archery Range |
| 13:43 | ImperPok · wall_segment Palisade Wall x1 |
| 14:09 | ImperPok · wall_segment Palisade Wall x1 |
| 16:49 | Kalpit00 · first_building Stable |
| 18:11 | Kalpit00 · wall_segment Palisade Wall x1 |
| 18:11 | Kalpit00 · wall_segment Palisade Wall x1 |
| 18:36 | Kalpit00 · age_up castle |
| 18:53 | Kalpit00 · first_building Siege Workshop |
| 19:59 | ImperPok · wall_segment Palisade Wall x1 |
| 20:31 | ImperPok · wall_segment Palisade Wall x1 |
| 20:37 | ImperPok · wall_segment Palisade Wall x1 |
| 21:16 | ImperPok · resign |
[ AI ANALYSIS · 1 CREDIT ]
What really happened in this match?
Wolo.gg analyzes every decision: build order, eco, micro, common mistakes by bracket. Personalized analysis on WhatsApp or Discord in 30 seconds.
Civ guide
Wei
Perfil
Jugador #1633836